TOP OF THE 1ST |
Roy Eagle Squadron batting - Pitching for San Francisco Macho Men : RHP Miguel Yan
|
Pitching: RHP Miguel Yan
|
|
Batting: LHB Octávio Otero
|
0-0: Ball 1-0: Ball 2-0: SINGLE (Groundball, 3D)
|
Batting: SHB Eduardo Luna
|
0-0: Ground out 6-3 (Groundball, 6S) Octávio Otero to second
|
Batting: RHB Jesús Vélez
|
0-0: Ball 1-0: Fly out, F5 (Popup, 56)
|
Batting: RHB Larry Storms
|
0-0: Called Strike 0-1: Ball 1-1: Foul Ball, location: 2F 1-2: Ball 2-2: Ball 3-2: Base on Balls
|
Batting: RHB Mal Roberson
|
0-0: Swinging Strike 0-1: Ground out 5-3 (Groundball, 5S)
|
Top of the 1st over - 0 run(s), 1 hit(s), 0 error(s), 2 left on base; Roy 0 - San Francisco 0 |
BOTTOM OF THE 1ST |
San Francisco Macho Men batting - Pitching for Roy Eagle Squadron : RHP Orlando Peńa
|
Pitching: RHP Orlando Peńa
|
|
Batting: RHB Júlio Serra
|
0-0: Reached on error, E5 (Groundball, 5L)
|
Batting: LHB Ángel De Jesús
|
0-0: Ball 1-0: Ball Júlio Serra steals 2nd base 2-0: Ball 3-0: Called Strike 3-1: Swinging Strike 3-2: Fly out, F8 (Flyball, 89M)
|
Batting: LHB Ernesto Hernández
|
0-0: Foul Ball, location: 2F 0-1: Ball Júlio Serra is caught stealing 3rd base 1-1: Fly out, F7 (Line Drive, 7D)
|
Bottom of the 1st over - 0 run(s), 0 hit(s), 1 error(s), 0 left on base; Roy 0 - San Francisco 0 |
TOP OF THE 2ND |
Roy Eagle Squadron batting - Pitching for San Francisco Macho Men : RHP Miguel Yan
|
Batting: RHB Dani Morales
|
0-0: Foul Ball, location: 2F 0-1: Foul Ball, location: 2F 0-2: Ball 1-2: Strikes out swinging
|
Batting: RHB Lawrence Vaughn
|
0-0: Called Strike 0-1: Ground out 4-3 (Groundball, 4)
|
Batting: RHB Gabriel Byram
|
0-0: Called Strike 0-1: Ball 1-1: Ball 2-1: Foul Ball, location: 2F 2-2: Ball 3-2: Base on Balls
|
Batting: RHB Carlos Méndez
|
0-0: Ball 1-0: Ball Gabriel Byram is caught stealing 2nd base
|
Top of the 2nd over - 0 run(s), 0 hit(s), 0 error(s), 0 left on base; Roy 0 - San Francisco 0 |
BOTTOM OF THE 2ND |
San Francisco Macho Men batting - Pitching for Roy Eagle Squadron : RHP Orlando Peńa
|
Batting: RHB Ánibal López
|
0-0: Ball 1-0: Ball 2-0: Fly out, F9 (Flyball, 89M)
|
Batting: RHB Phil Rowlett
|
0-0: Ball 1-0: Ball 2-0: Called Strike 2-1: Called Strike 2-2: Strikes out swinging
|
Batting: RHB Dean Oglethorpe
|
0-0: Called Strike 0-1: Called Strike 0-2: Ball 1-2: Strikes out swinging
|
Bottom of the 2nd over - 0 run(s), 0 hit(s), 0 error(s), 0 left on base; Roy 0 - San Francisco 0 |
TOP OF THE 3RD |
Roy Eagle Squadron batting - Pitching for San Francisco Macho Men : RHP Miguel Yan
|
Batting: RHB Carlos Méndez
|
0-0: Called Strike 0-1: Swinging Strike 0-2: Strikes out swinging
|
Batting: LHB Octávio Otero
|
0-0: Fly out, F7 (Flyball, 7LS)
|
Batting: SHB Eduardo Luna
|
0-0: Foul Ball, location: 2F 0-1: Fly out, F7 (Flyball, 78M)
|
Top of the 3rd over - 0 run(s), 0 hit(s), 0 error(s), 0 left on base; Roy 0 - San Francisco 0 |
BOTTOM OF THE 3RD |
San Francisco Macho Men batting - Pitching for Roy Eagle Squadron : RHP Orlando Peńa
|
Batting: RHB Bob Jones
|
0-0: SOLO HOME RUN (Flyball, 9LD), Distance : 341 ft
|
Batting: RHB Lawrence Pérez
|
0-0: Foul Ball, location: 2F 0-1: Foul Ball, location: 2F 0-2: Ball 1-2: Ground out 1-3 (Groundball, 13)
|
Batting: RHB Daniel Bennett
|
0-0: Ground out 5-3 (Groundball, 56)
|
Batting: RHB Júlio Serra
|
0-0: Called Strike 0-1: SINGLE (Groundball, 6D)
|
Batting: LHB Ángel De Jesús
|
0-0: Ball 1-0: SINGLE (Line Drive, 6MD) Júlio Serra to second
|
Batting: LHB Ernesto Hernández
|
0-0: Ball 1-0: Called Strike 1-1: Ground out U3 (Groundball, 3L)
|
Bottom of the 3rd over - 1 run(s), 3 hit(s), 0 error(s), 2 left on base; Roy 0 - San Francisco 1 |
TOP OF THE 4TH |
Roy Eagle Squadron batting - Pitching for San Francisco Macho Men : RHP Miguel Yan
|
Batting: RHB Jesús Vélez
|
0-0: Ball 1-0: Ball 2-0: Called Strike 2-1: Called Strike 2-2: SINGLE (Flyball, 9LS)
|
Batting: RHB Larry Storms
|
0-0: Called Strike 0-1: Ball 1-1: Fly out, F1 (Line Drive, 13)
|
Batting: RHB Mal Roberson
|
0-0: Ball 1-0: Called Strike Jesús Vélez steals 2nd base 1-1: Foul Ball, location: 2F 1-2: Foul Ball, location: 2F 1-2: Strikes out swinging
|
Batting: RHB Dani Morales
|
0-0: Swinging Strike 0-1: Ball 1-1: Called Strike 1-2: SINGLE (Groundball, 56S) (infield hit) Jesús Vélez to third
|
Batting: RHB Lawrence Vaughn
|
0-0: Called Strike 0-1: Called Strike 0-2: Foul Ball, location: 2F 0-2: Strikes out swinging, 2-3 out at first.
|
Top of the 4th over - 0 run(s), 2 hit(s), 0 error(s), 2 left on base; Roy 0 - San Francisco 1 |
BOTTOM OF THE 4TH |
San Francisco Macho Men batting - Pitching for Roy Eagle Squadron : RHP Orlando Peńa
|
Batting: RHB Ánibal López
|
0-0: Ball 1-0: Ball 2-0: Ball 3-0: Called Strike 3-1: Foul Ball, location: 2F 3-2: Foul Ball, location: 2F 3-2: Strikes out swinging
|
Batting: RHB Phil Rowlett
|
0-0: Ball 1-0: Called Strike 1-1: Ground out 6-3 (Groundball, 6D)
|
Batting: RHB Dean Oglethorpe
|
0-0: Ball 1-0: Called Strike 1-1: Foul Ball, location: 2F 1-2: Strikes out swinging
|
Bottom of the 4th over - 0 run(s), 0 hit(s), 0 error(s), 0 left on base; Roy 0 - San Francisco 1 |
TOP OF THE 5TH |
Roy Eagle Squadron batting - Pitching for San Francisco Macho Men : RHP Miguel Yan
|
Batting: RHB Gabriel Byram
|
0-0: Foul Ball, location: 2F 0-1: Called Strike 0-2: Ball 1-2: Ball 2-2: Strikes out swinging
|
Batting: RHB Carlos Méndez
|
0-0: Ball 1-0: Ball 2-0: Foul Ball, location: 2F 2-1: Fly out, F8 (Flyball, 8LD)
|
Batting: LHB Octávio Otero
|
0-0: Fly out, F9 (Flyball, 9)
|
Top of the 5th over - 0 run(s), 0 hit(s), 0 error(s), 0 left on base; Roy 0 - San Francisco 1 |
BOTTOM OF THE 5TH |
San Francisco Macho Men batting - Pitching for Roy Eagle Squadron : RHP Orlando Peńa
|
Batting: RHB Bob Jones
|
0-0: Foul Ball, location: 2F 0-1: SOLO HOME RUN (Flyball, 7D), Distance : 375 ft
|
Batting: RHB Lawrence Pérez
|
0-0: Called Strike 0-1: DOUBLE (Flyball, 7)
|
Batting: RHB Daniel Bennett
|
0-0: Foul Ball, location: 2F 0-1: Ball 1-1: Ball 2-1: Fly out, F9 (Flyball, 9S)
|
Batting: RHB Júlio Serra
|
0-0: Called Strike 0-1: Ball 1-1: Foul Ball, location: 2F 1-2: Ball 2-2: Foul Ball, location: 2F 2-2: SINGLE (Line Drive, 4MD) Lawrence Pérez to third
|
Batting: LHB Ángel De Jesús
|
0-0: Ball Júlio Serra is caught stealing 2nd base 1-0: Called Strike 1-1: Fly out, F8 (Flyball, 8LM)
|
Bottom of the 5th over - 1 run(s), 3 hit(s), 0 error(s), 1 left on base; Roy 0 - San Francisco 2 |
TOP OF THE 6TH |
Roy Eagle Squadron batting - Pitching for San Francisco Macho Men : RHP Miguel Yan
|
Batting: SHB Eduardo Luna
|
0-0: Ball 1-0: Swinging Strike 1-1: Called Strike 1-2: SINGLE (Groundball, 6MD)
|
Batting: RHB Jesús Vélez
|
0-0: Fly out, F9 (Flyball, 9D)
|
Batting: RHB Larry Storms
|
0-0: Ball 1-0: Swinging Strike 1-1: Swinging Strike 1-2: Ball 2-2: Strikes out looking
|
Batting: RHB Mal Roberson
|
0-0: Swinging Strike 0-1: SINGLE (Line Drive, 4MD) Eduardo Luna to second
|
Batting: RHB Dani Morales
|
0-0: Called Strike 0-1: Swinging Strike 0-2: Foul Ball, location: 2F 0-2: Ball 1-2: Ball 2-2: Foul Ball, location: 2F 2-2: Foul Ball, location: 2F 2-2: Strikes out swinging
|
Top of the 6th over - 0 run(s), 2 hit(s), 0 error(s), 2 left on base; Roy 0 - San Francisco 2 |
BOTTOM OF THE 6TH |
San Francisco Macho Men batting - Pitching for Roy Eagle Squadron : RHP Orlando Peńa
|
Batting: LHB Ernesto Hernández
|
0-0: SINGLE (Line Drive, 7S)
|
Batting: RHB Ánibal López
|
0-0: Ball Ernesto Hernández steals 2nd base 1-0: Fly out, F8 (Line Drive, 8LD) Runner from 2nd tags up, SAFE at 3rd, no throw
|
Batting: RHB Phil Rowlett
|
0-0: Foul Ball, location: 2F 0-1: Ball 1-1: Foul Ball, location: 2F 1-2: Fly out, F9 (Flyball, 9LS) Runner from 3rd tags up, SCORES, no throw
|
Batting: RHB Dean Oglethorpe
|
0-0: Ball 1-0: Swinging Strike 1-1: Swinging Strike 1-2: Foul Ball, location: 2F 1-2: Ball 2-2: SINGLE (Groundball, 34) (infield hit)
|
Batting: RHB Bob Jones
|
0-0: Ball 1-0: Foul Ball, location: 2F 1-1: Foul Ball, location: 2F 1-2: Strikes out swinging
|
Bottom of the 6th over - 1 run(s), 2 hit(s), 0 error(s), 1 left on base; Roy 0 - San Francisco 3 |
TOP OF THE 7TH |
Roy Eagle Squadron batting - Pitching for San Francisco Macho Men : RHP Miguel Yan
|
Pitching: RHP Javier Santos
|
|
Batting: RHB Lawrence Vaughn
|
0-0: Swinging Strike 0-1: Ball 1-1: Ball 2-1: Swinging Strike 2-2: Ball 3-2: Strikes out swinging
|
Batting: RHB Gabriel Byram
|
0-0: Called Strike 0-1: Ball 1-1: Ball 2-1: Ball 3-1: Called Strike 3-2: Strikes out swinging
|
Batting: RHB Carlos Méndez
|
0-0: Reached on error, E5 (Groundball, 56)
|
Batting: LHB Octávio Otero
|
0-0: Ball 1-0: Called Strike 1-1: Called Strike 1-2: Ball 2-2: Ball 3-2: Base on Balls Carlos Méndez to second
|
Batting: SHB Eduardo Luna
|
0-0: Fly out, F7 (Flyball, 7)
|
Top of the 7th over - 0 run(s), 0 hit(s), 1 error(s), 2 left on base; Roy 0 - San Francisco 3 |
BOTTOM OF THE 7TH |
San Francisco Macho Men batting - Pitching for Roy Eagle Squadron : RHP Orlando Peńa
|
Pitching: RHP Jorge Arellano
|
|
Batting: RHB Lawrence Pérez
|
0-0: Ball 1-0: Ball 2-0: Called Strike 2-1: Ball 3-1: Swinging Strike 3-2: Strikes out swinging
|
Batting: RHB Daniel Bennett
|
0-0: Ball 1-0: Ball 2-0: Called Strike 2-1: Ball 3-1: Called Strike 3-2: SINGLE (Line Drive, 3D)
|
Batting: RHB Júlio Serra
|
0-0: Called Strike 0-1: Ball 1-1: Foul Ball, location: 2F 1-2: Strikes out swinging
|
Batting: LHB Ángel De Jesús
|
0-0: Called Strike 0-1: Ball 1-1: Foul Ball, location: 2F 1-2: Strikes out swinging
|
Bottom of the 7th over - 0 run(s), 1 hit(s), 0 error(s), 1 left on base; Roy 0 - San Francisco 3 |
TOP OF THE 8TH |
Roy Eagle Squadron batting - Pitching for San Francisco Macho Men : RHP Javier Santos
|
Now at 3B: Armando Alomar
|
|
Batting: RHB Jesús Vélez
|
0-0: Called Strike 0-1: Foul Ball, location: 2F 0-2: Foul Ball, location: 2F 0-2: Foul Ball, location: 2F 0-2: Ground out 6-3 (Groundball, 6)
|
Batting: RHB Larry Storms
|
0-0: Ball 1-0: Foul Ball, location: 2F 1-1: Ball 2-1: SINGLE (Groundball, 4MD)
|
Batting: RHB Mal Roberson
|
0-0: Ball 1-0: Ball 2-0: Called Strike 2-1: Ball 3-1: Called Strike 3-2: Foul Ball, location: 2F 3-2: Strikes out swinging Larry Storms is caught stealing 2nd base Batter strikes out.
|
Top of the 8th over - 0 run(s), 1 hit(s), 0 error(s), 0 left on base; Roy 0 - San Francisco 3 |
BOTTOM OF THE 8TH |
San Francisco Macho Men batting - Pitching for Roy Eagle Squadron : RHP Jorge Arellano
|
Batting: LHB Ernesto Hernández
|
0-0: Hit by Pitch
|
Batting: RHB Ánibal López
|
0-0: Ball 1-0: Ball 2-0: Ball 3-0: Called Strike 3-1: Foul Ball, location: 2F 3-2: Grounds into double play, 6-4-3 (Groundball, 6)
|
Batting: RHB Phil Rowlett
|
0-0: Ball 1-0: Foul Ball, location: 2F 1-1: Swinging Strike 1-2: Ball 2-2: Strikes out swinging
|
Bottom of the 8th over - 0 run(s), 0 hit(s), 0 error(s), 0 left on base; Roy 0 - San Francisco 3 |
TOP OF THE 9TH |
Roy Eagle Squadron batting - Pitching for San Francisco Macho Men : RHP Javier Santos
|
Pitching: RHP Víctor Bańuelos
|
|
Now at 1B: Nelson Burton
|
|
Now in CF: Bartolo Baruffaldi
|
|
Batting: RHB Dani Morales
|
0-0: Fly out, F7 (Flyball, 7S)
|
Batting: RHB Lawrence Vaughn
|
0-0: Ball 1-0: Ball 2-0: Ball 3-0: Base on Balls
|
Batting: RHB Gabriel Byram
|
0-0: Ball 1-0: Called Strike 1-1: Fielders Choice at 2nd, 4-6 (Groundball, 4)
|
Batting: RHB Carlos Méndez
|
0-0: Ball 1-0: Ball 2-0: Foul Ball, location: 2F 2-1: Ball 3-1: Base on Balls Gabriel Byram to second
|
Pinch Hitting: RHB Dan Duckworth
|
0-0: Ball 1-0: Called Strike 1-1: Ball 2-1: Fielders Choice at 2nd, 5-4 (Groundball, 56)
|
Top of the 9th over - 0 run(s), 0 hit(s), 0 error(s), 1 left on base; Roy 0 - San Francisco 3 |
|